 Dungeon Crawl Stone Soup version 0.31.0-11-ge490571c62 (webtiles) character file.

Game seed: 7261894825865872090

28 sanka the Ruffian (level 2, -1/43 HPs)
             Began as a Troll Berserker on Jan 27, 2024.
             Was a Follower of Trog.
             Slain by a gnoll
             ... wielding a +0 halberd
              (7 damage)
             ... on level 2 of the Dungeon.
             The game lasted 00:00:49 (638 turns).

sanka the Ruffian (Troll Berserker)                  Turns: 638, Time: 00:00:50

Health: -1/43      AC:  4    Str: 24    XL:     2   Next: 96%
Magic:  1/1        EV: 10    Int:  3    God:    Trog [*.....]
Gold:   28         SH:  0    Dex:  9    Spells: 1/1 levels left

rFire   . .          .
                       - Unarmed
rCold   . . .        (no shield)
rNeg    . . .        a - +0 animal skin
rPois   .            (helmet restricted)
rElec   .            (no cloak)
rCorr   .            (gloves unavailable)
SInv    .            (boots unavailable)
Will    .....        (no amulet) Stlth
                     (no ring)
HPRegen 1.07/turn    (no ring)
MPRegen 0.07/turn

%: no passive effects
@: berserking, very quick
A: large, unfitting armour, claws 3, regeneration 1, shaggy fur 1, tough skin 1
a: Renounce Religion, Berserk


You were on level 2 of the Dungeon.
You worshipped Trog.
Trog was aware of your devotion.
You visited 1 branch of the dungeon, and saw 2 of its levels.

You collected 28 gold pieces.


Innate Abilities, Weirdness & Mutations

You are too large for most types of armour.
You have claws for hands.
Your natural rate of healing is unusually fast.
You are covered in fur. (AC +1)
You have tough skin. (AC +1)


   Skills:
 + Level 2.8 Fighting
 - Level 2.4 Dodging
 * Level 3.8 Unarmed Combat


You had one spell level left.
You didn't know any spells.
Your spell library was empty.

Inventory:

Armour
 a - a +0 animal skin (worn)
Scrolls
 b - a scroll of identify {unknown}
 d - a scroll of torment {unknown}
 e - a scroll of blinking {unknown}
 f - a scroll of brand weapon {unknown}
Potions
 c - a potion of curing {unknown}

Dungeon Overview and Level Annotations

Branches:
Dungeon (2/15)

Altars:

Shops:
D:1

: ...▒. ...▒.▒
..... ....▒ ....
.....▒
.▒▒▒.w▒▒▒....▒▒▒
.....g..▒......
.....g.g▒....▒
.....!.T+...
........▒.▒▒▒▒▒▒▒
................?
..............▒▒
▒▒▒▒▒▒▒▒▒.▒▒▒.▒
▒.▒ ▒.▒ ▒.▒ ▒.▒


You could see a ribbon worm and 3 gnolls.


Message History

A ribbon worm comes into view.
The gnoll completely misses you.
You scratch the gnoll.
The gnoll is moderately wounded.
The gnoll hits you with a +0 mace.
The gnoll hits you from afar with a +4 halberd!
Use which ability? (? or * to list)
A red film seems to cover your vision as you go berserk!
You feel yourself moving faster!
You feel mighty!
The gnoll hits you from afar with a +4 halberd!
* * * LOW HITPOINT WARNING * * *
The gnoll hits you with a +0 mace.
* * * LOW HITPOINT WARNING * * *
You barely miss the gnoll.
The gnoll is moderately wounded.
The gnoll closely misses you. The gnoll hits you with a +0 mace.
* * * LOW HITPOINT WARNING * * *
Unknown command.
You scratch the gnoll.
The gnoll is heavily wounded.
Unknown command.
You barely miss the gnoll.
The gnoll is heavily wounded.
The gnoll closely misses you.
The gnoll hits you from afar with a +4 halberd!
* * * LOW HITPOINT WARNING * * *
The gnoll hits you from afar with a +0 halberd!
You die...

Action                     || total
---------------------------++-------
  Melee: Unarmed           ||    38
         Punch             ||     1
 Invoke: Berserk           ||     1
   Stab: Sleeping          ||     1
 Armour: Animal skin       ||    24
  Dodge: Dodged            ||    18

Levels and vault maps discovered:
D:1:      minmay_arrival_doors, layout_basic, serial_shops, shop_fountains,
          dreamdust_ecumenical_altar_statues
D:2:      layout_basic, serial_shops, nicolae_shop_crystal,
          minmay_randomly_rotated_circles

Notes
Turn   | Place    | Note
-------+----------+-------------------------------------------
     0 | D:1      | sanka the Troll Berserker began the quest for the Orb.
     0 | D:1      | Reached XP level 1. HP: 22/22 MP: 0/0
   206 | D:1      | Reached XP level 2. HP: 28/29 MP: 1/1
   239 | D:1      | Found Kyrgh's Book Boutique.
   260 | D:1      | Found a faded altar of an unknown god.
   638 | D:2      | Slain by a gnoll

Vanquished Creatures
  An adder (D:2)
  2 bats
  3 endoplasms (D:1)
  A giant cockroach (D:1)
  A goblin (D:1)
  A hobgoblin (D:1)
  2 jackals (D:1)
  3 frilled lizards
  3 rats
17 creatures vanquished.
